Map: Rainfall LE

Players

Fjant

  • Race: Zerg Zerg
  • League: Grandmaster
  • Spawn Location: 11:00

BabyMarine - Winner!

  • Race: Terran Terran
  • Spawn Location: 5:00

VOD

Have the link to the VOD?

Description

Time

  • Played on: July 4, 2026, 11:39 a.m.
  • Length: 17:33
Show
View Real Time Build Order
Export as new Build Order

Fjant Zerg 

Build Orders: Pool First, Lurkers 

Get SALT Encoding   

  8  0:00  Drone  
  9  0:11  Drone  
  10  0:18  Drone  
  11  0:23  Drone  
  12  0:32  Overlord  
  12  0:40  Extractor  
  12  0:41  Drone  
  13  0:52  Drone x2  
  15  1:01  Drone  
  16  1:08  Spawning Pool  
  16  1:11  Drone  
  16  1:20  Drone  
  17  1:35  Hatchery  
  17  1:38  Drone  
  17  1:41  Extractor  
  16  1:47  Drone  
  17  1:54  Zergling x2  
  17  1:57  Queen  
  20  2:04  Overlord  
  20  2:12  Extractor  
  20  2:14  Drone  
  21  2:20  Overlord  
  21  2:38  Queen  
  21  2:42  Metabolic Boost  
  23  2:47  Zergling x6  
  26  2:58  Drone x2  
  28  3:04  Zergling x2  
  29  3:09  Queen  
  29  3:10  Drone  
  31  3:16  Overlord  
  31  3:21  Drone  
  32  3:35  Hatchery  
  32  3:38  Drone  
  32  3:40  Drone  
  33  3:44  Drone  
  33  3:45  Drone  
  35  3:51  Zergling x4  
  35  3:52  Drone  
  38  3:57  Drone x2  
  40  4:07  Overlord  
  40  4:13  Overlord  
  40  4:15  Extractor  
  40  4:16  Extractor, Drone x2  
  42  4:26  Drone x6  
  42  4:30  Baneling Nest  
  47  4:33  Drone  
  47  4:34  Drone  
  47  4:37  Drone x2  
  51  4:48  Zergling x6  
  51  4:52  Queen  
  56  4:55  Drone x2  
  56  4:57  Overlord  
  57  5:01  Overlord  
  57  5:04  Zergling x4  
  57  5:07  Zergling x4  
  57  5:14  Baneling, Zergling x2  
  58  5:15  Zergling x4  
  58  5:18  Zergling x6  
  62  5:21  Lair  
  62  5:23  Drone  
  62  5:26  Extractor, Zergling x2  
  62  5:28  Zergling x4  
  65  5:34  Zergling x8  
  69  5:36  Zergling x2  
  69  5:39  Zergling x4  
  72  5:48  Zergling x6  
  72  5:49  Baneling  
  75  5:50  Baneling x3  
  75  5:54  Drone  
  75  5:55  Extractor, Drone, Overlord  
  76  5:59  Overlord  
  76  6:08  Overlord  
  76  6:14  Overlord  
  76  6:17  Overlord  
  76  6:22  Drone  
  76  6:23  Centrifugal Hooks  
  77  6:26  Zergling x14  
  77  6:27  Evolution Chamber  
  77  6:28  Drone x2  
  77  6:32  Drone x2  
  87  6:38  Zergling x8  
  91  6:44  Zergling x2  
  91  6:45  Zergling x6  
  94  6:50  Drone x3  
  94  6:53  Zerg Ground Armor Level 1  
  97  6:57  Overlord  
  97  7:00  Overlord  
  97  7:01  Zergling x2  
  98  7:04  Zergling x2  
  98  7:05  Zergling x4  
  101  7:09  Queen  
  101  7:13  Zergling x4  
  105  7:16  Zergling x6  
  105  7:18  Drone  
  105  7:21  Zergling x4  
  111  7:28  Drone x2  
  111  7:29  Zergling x8  
  112  7:36  Drone x2  
  112  7:37  Evolution Chamber  
  112  7:38  Zergling x6  
  112  7:42  Zergling x6  
  116  7:46  Drone x3  
  116  7:47  Drone  
  116  7:49  Drone  
  116  7:50  Drone  
  122  7:51  Baneling x2  
  122  7:52  Drone  
  122  7:53  Drone  
  124  8:03  Zerg Melee Weapons Level 1  
  122  8:07  Drone x2  
  122  8:09  Hatchery  
  121  8:13  Drone  
  121  8:14  Drone  
  121  8:15  Overlord x3  
  123  8:20  Extractor  
  123  8:22  Zergling x2  
  122  8:28  Zergling x2  
  122  8:29  Zergling x10  
  123  8:38  Zergling x12  
  123  8:40  Baneling x3  
  128  8:42  Drone  
  128  8:43  Drone x4  
  128  8:44  Hatchery  
  128  8:48  Hydralisk Den, Baneling x3  
  131  8:49  Drone x2, Zerg Ground Armor Level 2  
  131  8:54  Baneling x2  
  131  8:55  Baneling, Zergling x8  
  137  9:00  Drone x2  
  139  9:07  Zergling x8  
  132  9:17  Spore Crawler  
  132  9:18  Spore Crawler  
  129  9:29  Zergling x18  
  126  9:39  Zergling x8  
  126  9:43  Zergling x10  
  126  9:44  Baneling x4  
  133  9:49  Drone x3  
  133  9:50  Baneling x2  
  133  9:52  Zergling x4  
  138  9:53  Baneling x6  
  138  10:00  Zerg Melee Weapons Level 2  
  138  10:01  Zergling x12  
  138  10:06  Zergling x2  
  138  10:07  Zergling x4  
  146  10:20  Zergling x14  
  130  10:24  Zergling x4  
  128  10:28  Zergling x4  
  128  10:29  Queen x2  
  128  10:30  Muscular Augments  
  128  10:33  Hydralisk x3  
  140  10:38  Hydralisk  
  140  10:43  Hydralisk x5  
  140  10:49  Zergling x10  
  142  10:55  Zergling x2  
  142  10:56  Zergling x2  
  142  10:58  Zergling x4  
  138  11:05  Hydralisk x2  
  138  11:08  Hydralisk x2  
  146  11:13  Drone  
  146  11:18  Zergling x2  
  147  11:22  Hatchery  
  147  11:23  Zergling x2  
  147  11:24  Overlord  
  147  11:34  Grooved Spines  
  147  11:36  Overlord  
  147  11:37  Overlord x2  
  147  11:43  Zergling x6  
  151  11:47  Zergling x2  
  151  11:48  Infestation Pit  
  151  11:49  Zerg Missile Weapons Level 1, Hydralisk  
  151  11:51  Hydralisk  
  151  11:53  Hatchery  
  150  11:55  Hydralisk  
  150  11:59  Hydralisk x4  
  160  12:06  Zergling x4  
  162  12:08  Extractor  
  162  12:11  Extractor x2  
  162  12:13  Zergling x2  
  162  12:15  Zergling x4  
  161  12:17  Zergling x6  
  161  12:20  Zergling x2  
  165  12:25  Hive  
  165  12:26  Drone x4  
  165  12:27  Lurker Den  
  168  12:33  Hatchery  
  165  12:38  Zergling x10  
  165  12:44  Zergling x2  
  162  12:45  Overseer  
  162  12:47  Zergling x4  
  162  12:50  Zergling x2  
  165  12:52  Baneling x9  
  165  12:53  Zergling x2  
  165  12:54  Zergling x4  
  166  13:02  Zergling x12  
  170  13:06  Zergling x6  
  149  13:16  Zergling x6  
  128  13:20  Hydralisk x3  
  128  13:22  Hatchery  
  128  13:25  Zergling x10  
  138  13:27  Zergling x2  
  138  13:32  Nydus Network  
  136  13:38  Seismic Spines  
  134  13:55  Lurker x7  
  131  13:56  Zergling x6  
  131  13:57  Zergling x4  
  131  13:59  Zergling x4  
  140  14:04  Drone x3  
  140  14:05  Drone  
  142  14:10  Zergling x6  
  135  14:17  Zergling x10  
  132  14:29  Zergling x20  
  139  14:33  Zergling x6  
  139  14:35  Zergling x2  
  139  14:38  Zergling x2  
  141  14:45  Hydralisk x4  
  143  14:49  Hydralisk  
  143  14:51  Zergling x6  
  150  14:57  Hydralisk x2  
  132  15:09  Hydralisk x5  
  126  15:18  Drone x7  
  133  15:21  Viper, Extractor  
  133  15:25  Viper x2  
  141  15:29  Viper  
  141  15:32  Zergling x6  
  147  15:37  Lurker x2  
  147  15:39  Zergling x4  
  151  15:45  Spore Crawler, Drone  
  151  15:46  Drone  
  151  15:47  Overlord  
  152  16:03  Overlord  
  152  16:09  Hydralisk  
  152  16:11  Zergling x12  
  160  16:13  Overseer x2  
  154  16:31  Zergling x18  
  160  16:38  Hydralisk x2, Overseer  
  157  16:40  Zergling x2  
  157  16:41  Zergling x8  
  157  16:45  Hydralisk x6  
  135  16:53  Hydralisk x3  
  140  16:55  Hydralisk  
  140  17:00  Lurker x2  
  144  17:07  Hydralisk x2  
  134  17:10  Hatchery  
  134  17:11  Zergling x8  
Show
View Real Time Build Order
Export as new Build Order

BabyMarine Terran - Winner!

Build Orders:  

Get SALT Encoding   

  8  0:00  SCV  
  9  0:12  SCV  
  10  0:24  SCV  
  11  0:31  Supply Depot  
  11  0:36  SCV  
  12  0:48  SCV  
  13  0:55  Barracks  
  13  1:00  SCV  
  14  1:13  Barracks  
  14  1:16  SCV  
  15  1:28  SCV  
  16  1:41  Marine  
  16  1:42  Orbital Command  
  17  1:59  Marine  
  17  2:00  Marine  
  19  2:01  Supply Depot  
  19  2:07  SCV  
  20  2:19  SCV  
  21  2:25  Command Center  
  21  2:29  Refinery  
  21  2:32  SCV  
  23  2:41  Barracks  
  23  2:44  SCV  
  23  2:45  Marine  
  23  2:48  Marine  
  25  2:56  SCV  
  26  3:01  Refinery  
  26  3:08  SCV  
  27  3:13  Barracks Reactor  
  27  3:17  Supply Depot  
  28  3:21  Barracks Tech Lab  
  28  3:23  SCV  
  28  3:34  Barracks Tech Lab  
  28  3:35  SCV  
  28  3:36  Orbital Command  
  28  3:39  Marine  
  30  3:46  Stimpack  
  30  3:47  SCV  
  31  3:49  Marine x2  
  31  3:52  Marine  
  34  3:57  Marine  
  34  3:59  SCV  
  34  4:02  SCV  
  37  4:05  Combat Shield  
  37  4:07  Marine x2  
  39  4:11  Supply Depot  
  39  4:13  SCV  
  39  4:15  Marine  
  41  4:18  SCV  
  41  4:19  Marine  
  43  4:29  SCV  
  43  4:30  SCV, Factory  
  45  4:31  Marine  
  45  4:34  Marine x2  
  48  4:43  Bunker  
  48  4:45  SCV x2  
  50  4:47  Supply Depot  
  50  4:48  Marine  
  51  4:55  Engineering Bay  
  51  4:57  SCV x2  
  53  5:01  Marine x2  
  53  5:02  Marine  
  56  5:09  SCV x2  
  56  5:12  Marine  
  59  5:17  Factory Reactor  
  59  5:18  Starport  
  59  5:19  Marine  
  60  5:22  Supply Depot  
  60  5:23  Supply Depot, Terran Infantry Weapons Level 1  
  60  5:26  SCV  
  60  5:27  SCV  
  62  5:28  Marine  
  62  5:30  Marine  
  64  5:36  Marine  
  64  5:37  Marine  
  66  5:43  SCV x2  
  66  5:45  Supply Depot  
  68  5:51  Marine x2  
  70  5:58  SCV x2  
  70  6:01  Medivac x2  
  70  6:02  Barracks Reactor  
  76  6:09  Refinery  
  76  6:11  Refinery  
  76  6:13  Command Center  
  76  6:15  Marine x3  
  79  6:19  Supply Depot  
  79  6:20  Siege Tank  
  79  6:23  SCV x2  
  81  6:33  Marine  
  81  6:35  Marine x2  
  81  6:37  SCV  
  81  6:38  SCV  
  86  6:42  Marine, Supply Depot, Barracks  
  86  6:43  Barracks  
  86  6:44  Marine  
  88  6:49  SCV  
  88  6:50  SCV  
  88  6:52  Siege Tank  
  93  6:59  Marine x3  
  93  7:00  Medivac  
  97  7:03  Medivac  
  97  7:05  Supply Depot  
  97  7:06  SCV  
  100  7:09  Marine x2  
  100  7:11  SCV  
  103  7:17  Marine  
  103  7:18  Terran Infantry Armor Level 1  
  103  7:22  SCV  
  105  7:23  Marine  
  105  7:26  SCV  
  107  7:31  Barracks Reactor  
  107  7:32  Barracks Reactor, Armory, Siege Tank  
  107  7:36  Engineering Bay, SCV  
  110  7:38  SCV  
  110  7:39  Marine x2  
  113  7:46  Orbital Command  
  113  7:52  SCV  
  113  7:53  SCV  
  113  7:55  Marine x3  
  113  7:57  Liberator  
  121  8:00  Supply Depot  
  121  8:04  Supply Depot  
  121  8:07  Liberator  
  121  8:10  Siege Tank  
  127  8:20  Marine x7  
  127  8:22  Marine x2  
  127  8:24  SCV x3  
  139  8:27  Terran Infantry Weapons Level 2  
  136  8:36  SCV x3  
  136  8:37  Marine x4  
  136  8:39  Marine x2, Supply Depot  
  145  8:47  Siege Tank  
  148  8:49  Medivac  
  148  8:53  Refinery  
  148  8:55  Factory, Refinery  
  150  8:57  Supply Depot  
  150  8:59  Marine  
  150  9:00  Marine x2  
  153  9:03  Supply Depot  
  153  9:04  Marine  
  153  9:07  SCV x2  
  156  9:14  Marine  
  146  9:17  Marine x5  
  146  9:18  SCV, Marine x2  
  146  9:19  SCV  
  146  9:22  Siege Tank, Marine  
  159  9:31  Marine  
  159  9:35  Marine x5, SCV x2  
  159  9:38  Marine x2  
  165  9:40  Marine  
  165  9:44  Factory Tech Lab  
  165  9:45  Medivac  
  166  9:46  Command Center  
  166  9:49  Marine  
  166  9:52  Marine  
  167  9:53  Marine x3, SCV x2  
  173  10:00  Marine x2  
  175  10:15  Supply Depot  
  175  10:16  Marine x2  
  175  10:17  Marine, Supply Depot, Siege Tank, Barracks  
  175  10:18  Marine, Barracks x2  
  175  10:27  Marine x3  
  175  10:36  Marine x5  
  175  10:37  Siege Tank  
  175  10:38  Marine  
  183  10:43  Terran Infantry Armor Level 2  
  183  10:44  Terran Infantry Weapons Level 3  
  183  10:45  Marine x2  
  183  10:49  Siege Tank  
  186  10:51  Marine  
  186  10:54  SCV x2, Marine x3  
  191  11:03  Marine  
  191  11:04  Marine  
  190  11:07  Barracks Tech Lab  
  190  11:08  Barracks Tech Lab x2  
  190  11:18  Sensor Tower  
  190  11:19  Siege Tank  
  190  11:21  Marine  
  190  11:22  Supply Depot, Marine  
  190  11:23  Marine, Command Center  
  190  11:24  Marine x2  
  191  11:26  Medivac, Siege Tank  
  198  11:47  Marauder x2  
  198  11:49  Terran Vehicle Weapons Level 1  
  198  11:51  Ghost Academy  
  196  12:22  Planetary Fortress  
  196  12:27  Command Center x3  
  187  12:37  Medivac x2  
  187  12:39  Siege Tank x2  
  192  12:48  Personal Cloaking  
  192  12:52  SCV x3  
  192  12:57  Marine  
  192  12:58  Marauder x2  
  200  13:04  SCV  
  199  13:10  Marine  
  199  13:11  Marine  
  200  13:13  Marine  
  200  13:14  Marine, Marauder x2  
  200  13:16  Marine x2  
  200  13:17  Marine x2  
  200  13:18  Siege Tank x2, SCV  
  200  13:19  Marauder x2  
  164  13:28  Marine  
  164  13:29  Marine  
  164  13:31  Liberator x2  
  172  13:35  Marauder x2  
  172  13:38  Neosteel Armor, Refinery x2, Terran Infantry Armor Level 3  
  172  13:40  Ghost x2, Marine x3  
  172  13:41  Marine x2  
  184  13:44  Orbital Command  
  184  13:47  Orbital Command  
  184  13:55  Planetary Fortress  
  181  13:56  Marine x3  
  181  14:01  Refinery x2, Marine x2  
  181  14:02  Marauder x2  
  187  14:08  Marine x2  
  187  14:09  Marauder  
  191  14:16  Ghost  
  182  14:22  Ghost  
  184  14:27  Ghost  
  184  14:28  Orbital Command  
  187  14:37  Ghost  
  190  14:50  Ghost  
  190  14:51  Ghost  
  194  14:59  Ghost  
  194  15:01  Marine x2  
  194  15:04  Marine x3  
  194  15:05  Ghost  
  194  15:06  Marine  
  174  15:19  Ghost x2  
  180  15:26  Siege Tank  
  180  15:27  Command Center x2, Sensor Tower  
  180  15:28  Command Center  
  183  15:35  Siege Tank  
  186  15:37  Ghost  
  186  15:38  Marine x6  
  186  15:39  Marine  
  196  15:58  Siege Tank  
  196  16:01  Command Center  
  196  16:33  Siege Tank  
  187  16:50  Ghost x4  
  193  16:55  Orbital Command  
  193  16:56  Orbital Command  
  193  16:58  Command Center  
  193  16:59  Command Center  
  193  17:07  Marine x3  
  183  17:11  Marine x2  
  183  17:12  Marine x3  
Tags
 
Composition
Lurkers
Matchup
TvZ
Opening
Pool First
Replay Pack
hsc29
Spawn Locations
Cross Positions
Add a new tag
Caveats
  • Supply blocks, unpowered buildings, or Contaminate may cause inaccurate times.
  • Supply counts are checked every 10 seconds.